 Dungeon Crawl Stone Soup version 0.28.0-45-g0d030f2227 (webtiles) character file.

Game seed: 16857714772378779687

15232 hawla the Cruncher (level 11, 0/77 (80) HPs)
             Began as a Grey Draconian Conjurer on Apr 19, 2022.
             Was an Elder of Vehumet.
             Shot with an arrow by a centaur (1 damage)
             ... led by a centaur warrior
             ... on level 13 of the Dungeon on Apr 20, 2022.
             The game lasted 01:04:11 (19010 turns).

hawla the Cruncher (Grey Draconian Conjurer)       Turns: 19010, Time: 01:04:12

HP:   0/77 (80)     AC: 21    Str: 16    XL:     11   Next: 99%
MP:   14/18         EV: 12    Int: 21    God:    Vehumet [****..]
Gold: 595           SH:  4    Dex:  9    Spells: 4/20 levels left

rFire   + . .      SeeInvis .   e - staff of fire
rCold   . . .      Faith    .   b - +0 buckler
rNeg    . . .      Spirit   .   (armour unavailable)
rPois   .          Reflect  .   (helmet restricted)
rElec   .          Harm     .   p - +0 cloak
rCorr   .          Rampage  .   m - +2 pair of gloves
Will    .....                   t - +0 pair of boots
Stlth   ++........              w - amulet of regeneration
HPRegen 1.02/turn               a - +6 ring of strength
MPRegen 0.16/turn               j - +4 ring of protection

@: lightly drained
A: AC +12, amphibious, unfitting armour, cold-blooded, hooves 1, dopey 1, wild
magic 1
a: Renounce Religion


You were on level 13 of the Dungeon.
You worshipped Vehumet.
Vehumet was greatly pleased with you.
You visited 1 branch of the dungeon, and saw 13 of its levels.

You collected 610 gold pieces.
You spent 15 gold pieces at shops.

Inventory:

Hand Weapons
 c - a +3 quarterstaff of chaos
Missiles
 f - a curare-tipped dart
 n - 2 boomerangs
 s - 36 poisoned darts (quivered)
 v - 5 boomerangs of dispersal
Armour
 b - a +0 buckler (worn)
 m - a +2 pair of gloves (worn)
 p - a +0 cloak (worn)
 t - a +0 pair of boots (worn)
Magical Staves
 e - a staff of fire (weapon)
Jewellery
 a - a +6 ring of strength (left hand)
 g - a ring of positive energy
 j - a +4 ring of protection (right hand)
 o - a ring of protection from fire
 w - an amulet of regeneration (around neck)
 A - a +6 ring of dexterity
Wands
 l - a wand of digging (7)
Scrolls
 d - 2 scrolls of fog
 x - 2 scrolls of magic mapping
 y - a scroll of brand weapon
 z - 3 scrolls of amnesia
Potions
 h - 2 potions of brilliance {unknown}
 i - 4 potions of attraction
 k - a potion of flight
 q - 2 potions of curing


   Skills:
 + Level 2.5 Fighting
 - Level 12.0 Staves
 - Level 6.0 Throwing
 - Level 3.1 Dodging
 - Level 3.0 Stealth
 - Level 4.0 Shields
 + Level 5.2 Spellcasting
 - Level 8.0 Conjurations
 + Level 0.8 Necromancy
 - Level 2.5 Translocations
 - Level 1.0 Transmutations
 - Level 1.0 Fire Magic
 - Level 9.1 Earth Magic
 - Level 3.1 Evocations


You had 4 spell levels left.
You knew the following spells:

 Your Spells              Type           Power      Damage    Failure   Level
a - Magic Dart            Conj           100%       1d8       1%          1
b - Searing Ray           Conj           100%       2d8       1%          2
c - Iskenderun's Mystic   Conj/Tloc      36%        2d9       6%          4
d - Passwall              Tmut/Erth      28%        N/A       4%          2
e - Stone Arrow           Conj/Erth      100%       3d13      1%          3
f - Dispel Undead         Necr           11%        3d9       75%         4

Your spell library contained the following spells:

 Spells                   Type           Power      Damage    Failure   Level
 Dazzling Flash           Conj/Hex       58%        N/A       3%          3
 Fulminant Prism          Conj/Hex       14%        3d9       10%         4
 Beastly Appendage        Tmut           24%        N/A       13%         1
 Sublimation of Blood     Necr           11%        N/A       21%         2
 Wereblood                Tmut           12%        N/A       21%         2
 Corpse Rot               Necr/Air       18%        N/A       24%         2
 Ensorcelled Hibernation  Hex/Ice        14%        N/A       28%         2
 Spider Form              Tmut/Pois      9%         N/A       41%         3
 Swiftness                Air            7%         N/A       47%         3
 Death Channel            Necr           5%         N/A       100%        6
 Summon Hydra             Summ           3%         N/A       100%        7


Dungeon Overview and Level Annotations

Branches:
Dungeon (13/15)            Temple (0/1) D:4            Lair (0/6) D:9
    Orc (0/2) D:12
 Vaults: D:13-14

Altars:
Dithmenos
Kikubaaqudgha
Makhleb
Nemelex Xobeh
Sif Muna
Trog
Uskayaw
Vehumet
Wu Jian
Xom
Yredelemnul
Zin
The Shining One

Shops:
D:5 !   D:8 !


Innate Abilities, Weirdness & Mutations

Your dull iron-grey scales are very hard. (AC +12)
You are amphibious.
You cannot fit into any form of body armour.
You are cold-blooded and may be slowed by cold attacks.
You have large cloven feet.
You are dopey. (Int -2)
Your spells are a little harder to cast, but a little more powerful.


Message History

There is a stone staircase leading up here.
(D) Dungeon (T) Temple (L) Lair (O) Orcish Mines
Where to? (Enter - D:11 @ (x,y), ? - help)
What level of the Dungeon? (default 1, ? - help)
You see here a +0 robe.
There is an open gate here.
There is a stone staircase leading down here.
You climb downwards.
The centaur wields a +0 shortbow.
The centaur shoots an arrow.
The arrow hits you but does no damage.
The centaur warrior wields a +0 shortbow.
The centaur warrior shoots an arrow.
The arrow misses you.
The centaur shoots an arrow.
The arrow hits you.
The centaur warrior shoots an arrow.
The arrow hits you!
The centaur shoots an arrow.
The arrow hits you.
The centaur shoots an arrow.
The arrow barely misses you.
The arrow hits the boulder beetle but does no damage.
The centaur warrior shoots an arrow.
The arrow hits you!
The centaur shoots an arrow.
The arrow hits you but does no damage.
The centaur warrior shoots an arrow.
The arrow barely misses you. The boulder beetle bites you!!
There is a stone staircase leading up, spattered with blood here.
Casting: Dispel Undead (quite dangerous; 75% risk of failure)
Confirm with . or Enter, or press ? or * to list all spells.
You erupt in a blast of force!
The mystic blast hits the centaur!
The centaur is moderately wounded.
The centaur is knocked back by the mystic blast.
The mystic blast hits the boulder beetle but does no damage.
The centaur wields a +0 shortbow.
The centaur shoots an arrow.
The arrow completely misses you.
The centaur shoots an arrow.
The arrow hits you.
The centaur shoots an arrow.
You block the arrow.
The centaur warrior shoots an arrow.
The arrow hits you!
* * * LOW HITPOINT WARNING * * *
The boulder beetle bites you!
* * * LOW HITPOINT WARNING * * *
The centaur shoots an arrow.
The arrow hits you but does no damage.
The centaur warrior shoots an arrow.
You block the arrow.
The centaur shoots an arrow.
The arrow hits you.
* * * LOW HITPOINT WARNING * * *
The centaur shoots an arrow.
The arrow hits you.
You die...

.#....# .......
....... . ..#..
......c##
....#...####
...........#
....c..@B..#
...........#
.........c.#
...c.....#cc.
#<.c#...#......
#########.c....
.. ... ######


You could see a boulder beetle, 3 centaur warriors and 5 centaurs.

Vanquished Creatures
  A centaur warrior (D:9)
  5 two-headed ogres
  2 deep elf pyromancers
  A cyclops (D:12)
  An ugly thing (D:11)
  A gargoyle (D:11)
  Prince Ribbit (D:5)
  2 trolls
  3 slime creatures (D:9)
  3 wyverns
  15 yaks
  A wraith (D:11)
  A vampire (D:12)
  An acid dragon (D:11)
  4 vampire mosquitoes
  A warg (D:12)
  3 water moccasins
  An ice beast (D:6)
  3 orc warriors
  A hornet zombie (D:6)
  4 black bears
  An ogre (D:3)
  2 centaurs (D:10)
  4 kobold brigands
  7 bullfrogs
  3 scorpions
  A wyvern skeleton (D:7)
  8 killer bees
  28 wights
  4 howler monkeys
  2 centaur zombies
  A gnoll shaman (D:8)
  4 hounds
  Crazy Yiuf (D:7)
  A bullfrog skeleton (D:6)
  3 orc priests
  6 jellies
  A centaur skeleton (D:5)
  2 iguanas
  10 orc wizards
  2 howler monkey zombies (D:9)
  6 adders
  11 gnolls
  3 worms (D:3)
  2 dart slugs
  37 orcs
  6 endoplasms
  3 giant cockroaches
  6 goblins
  8 hobgoblins
  4 jackals
  2 quokkas
  9 ball pythons
  10 bats
  7 frilled lizards
  32 kobolds
  5 rats
297 creatures vanquished.

Vanquished Creatures (others)
  A yaktaur (D:10)
  11 demonic plants (D:2)
  54 fungi
  39 plants
  4 withered plants (D:2)
109 creatures vanquished.

Grand Total: 406 creatures vanquished

Notes
Turn   | Place    | Note
-------+----------+-------------------------------------------
     0 | D:1      | hawla the Draconian Conjurer began the quest for the Orb.
     0 | D:1      | Reached XP level 1. HP: 14/14 MP: 3/3
   266 | D:1      | Reached XP level 2. HP: 20/20 MP: 3/5
   840 | D:1      | Reached XP level 3. HP: 25/26 MP: 1/6
  1717 | D:2      | Learned a level 2 spell: Searing Ray
  1737 | D:2      | Found a faded altar of an unknown god.
  1775 | D:2      | Reached XP level 4. HP: 33/33 MP: 3/7
  1860 | D:2      | Reached skill level 5 in Conjurations
  1879 | D:2      | You fall into a shaft and drop 1 floor!
  2519 | D:2      | Reached XP level 5. HP: 35/38 MP: 4/9
  3880 | D:4      | Noticed an ogre
  3912 | D:3      | Killed an ogre
  4107 | D:4      | Reached XP level 6. HP: 44/46 MP: 7/11
  4579 | D:4      | Found a staircase to the Ecumenical Temple.
  4671 | D:4      | Found a shimmering blue altar of Sif Muna.
  4992 | D:4      | Found a basalt altar of Yredelemnul.
  5038 | D:5      | Entered Level 5 of the Dungeon
  5106 | D:5      | Reached skill level 1 in Fighting
  5106 | D:5      | Reached skill level 1 in Staves
  5365 | D:5      | Your scales start taking on a dull iron-grey colour.
  5365 | D:5      | Reached XP level 7. HP: 48/50 MP: 6/13
  5665 | D:5      | Learned a level 4 spell: Iskenderun's Mystic Blast
  5668 | D:5      | Learned a level 2 spell: Passwall
  5870 | D:5      | Found Nirirot's Distillery.
  5872 | D:5      | Noticed Prince Ribbit
  6116 | D:5      | Found a glowing golden altar of the Shining One.
  6118 | D:5      | Found a radiant altar of Vehumet.
  6136 | D:5      | Became a worshipper of Vehumet
  6205 | D:5      | Reached skill level 1 in Shields
  6205 | D:5      | Reached skill level 1 in Evocations
  6272 | D:5      | Reached skill level 1 in Fire Magic
  6333 | D:5      | Reached skill level 1 in Earth Magic
  6546 | D:5      | Killed Prince Ribbit
  6547 | D:5      | Reached skill level 2 in Staves
  6547 | D:5      | Reached skill level 1 in Translocations
  6547 | D:5      | Reached skill level 1 in Transmutations
  6547 | D:5      | Reached XP level 8. HP: 61/61 MP: 5/14
  7253 | D:6      | Reached skill level 3 in Staves
  7253 | D:6      | Reached skill level 5 in Spellcasting
  7761 | D:6      | Reached * piety under Vehumet
  7761 | D:6      | Offered knowledge of Sandblast by Vehumet.
  7785 | D:6      | Reached skill level 4 in Staves
  7785 | D:6      | Reached XP level 9. HP: 61/67 MP: 10/16
  8111 | D:6      | Found a hide-covered altar of Uskayaw.
  8141 | D:6      | Reached skill level 5 in Earth Magic
  8436 | D:6      | Reached skill level 5 in Staves
  8734 | D:6      | Found an ancient bone altar of Kikubaaqudgha.
  9063 | D:7      | Reached skill level 6 in Staves
  9198 | D:7      | Reached ** piety under Vehumet
  9198 | D:7      | Offered knowledge of Freeze by Vehumet.
  9360 | D:7      | Found a sparkling altar of Nemelex Xobeh.
  9495 | D:7      | Found a shadowy altar of Dithmenos.
  9845 | D:7      | Found a runed translucent door.
  9846 | D:7      | Noticed Crazy Yiuf
  9959 | D:7      | Killed Crazy Yiuf
 10253 | D:8      | Found a glowing silver altar of Zin.
 10644 | D:8      | Found Voneat's Distillery.
 10649 | D:8      | Bought a potion of degeneration for 15 gold pieces
 10763 | D:7      | Reached XP level 10. HP: 30/73 MP: 4/17
 10775 | D:7      | Reached skill level 7 in Staves
 11130 | D:8      | Found a burning altar of Makhleb.
 11710 | D:9      | Gained mutation: You have large cloven feet. [potion of
                  | mutation]
 11710 | D:9      | Gained mutation: You possess an exceptional clarity of
                  | mind. [potion of mutation]
 11711 | D:9      | Lost mutation: You have large cloven feet. [potion of
                  | mutation]
 11711 | D:9      | Lost mutation: You possess an exceptional clarity of mind.
                  | [potion of mutation]
 11711 | D:9      | Gained mutation: Your spells are a little harder to cast,
                  | but a little more powerful. [potion of mutation]
 11711 | D:9      | Gained mutation: You are dopey. (Int -2) [potion of
                  | mutation]
 11711 | D:9      | Gained mutation: You have large cloven feet. [potion of
                  | mutation]
 11979 | D:9      | Noticed a centaur warrior
 11979 | D:9      | Noticed a deep elf pyromancer
 12012 | D:9      | Killed a centaur warrior
 12013 | D:9      | Reached skill level 8 in Staves
 12251 | D:8      | Reached skill level 9 in Staves
 12402 | D:9      | Found a staircase to the Lair.
 12574 | D:10     | Entered Level 10 of the Dungeon
 12634 | D:9      | Offered knowledge of Frozen Ramparts by Vehumet.
 12650 | D:9      | Reached skill level 10 in Staves
 12992 | D:9      | Reached *** piety under Vehumet
 13111 | D:9      | Found an ornate altar of the Wu Jian Council.
 13132 | D:9      | Reached XP level 11. HP: 79/79 MP: 14/18
 13164 | D:9      | Reached skill level 11 in Staves
 13182 | D:9      | Noticed a deep elf pyromancer
 13183 | D:9      | Noticed a two-headed ogre
 13599 | D:9      | Found a shimmering altar of Xom.
 13606 | D:9      | Killed a deep elf pyromancer
 13809 | D:9      | Noticed a two-headed ogre
 14266 | D:8      | Killed a two-headed ogre
 14267 | D:8      | Reached skill level 1 in Throwing
 14353 | D:9      | Killed a two-headed ogre
 14568 | D:10     | Noticed a deep elf pyromancer
 14569 | D:10     | Noticed a two-headed ogre
 14586 | D:10     | Killed a two-headed ogre
 14786 | D:10     | Killed a deep elf pyromancer
 14998 | D:10     | Found a bloodstained altar of Trog.
 15012 | D:10     | Offered knowledge of Stone Arrow by Vehumet.
 15228 | D:11     | Noticed a red ugly thing
 15232 | D:11     | Noticed a seven-headed hydra
 15951 | D:11     | Killed a red ugly thing
 16041 | D:11     | Noticed a two-headed ogre
 16054 | D:11     | Killed a two-headed ogre
 16055 | D:11     | Reached skill level 12 in Staves
 16546 | D:11     | Learned a level 3 spell: Stone Arrow
 17259 | D:12     | Found a staircase to the Orcish Mines.
 17385 | D:11     | Reached skill level 5 in Throwing
 17798 | D:12     | Noticed a two-headed ogre
 18024 | D:12     | Killed a two-headed ogre
 18156 | D:12     | Reached **** piety under Vehumet
 18313 | D:12     | Identified the +1 robe of Oblorojoze {Dex+3 Archmagi}
 18649 | D:12     | Learned a level 4 spell: Dispel Undead
 18907 | D:13     | Noticed a centaur warrior
 18907 | D:13     | Noticed a boulder beetle
 18907 | D:13     | Noticed a centaur warrior
 18907 | D:13     | Noticed a centaur warrior
 19010 | D:13     | HP: 1/77 [centaur/arrow[a centaur warrior] (5)]
 19010 | D:13     | Shot with an arrow by a centaur

Illustrated notes

Levels and vault maps discovered:
D:1:      matt_arrival_diagonals, layout_rooms, serial_corexii_hall,
          corexii_hall_statues_x, chequers_hall_statues_y, roderic_malta_cross,
          minmay_pentomino_s2
D:2:      layout_loops_ring, shapermc_ecumenical_altar_gd
D:3:      layout_basic, minmay_misc_feat_nine_boxes
D:4:      layout_basic, mainiacjoe_overflow_tiny_flanked, marbit_many_paths,
          minmay_temple_entry_grid, dk_noncrumbling_2
D:5:      layout_cave_pools, nicolae_overflow_squiral, nicolae_stop_n_shop_1,
          uniq_prince_ribbit1
D:6:      layout_gridville, mainiacjoe_overflow_surrounded_room,
          eat_drink_and_be_merry_uskayaw
D:7:      layout_loops_ring, grunt_temple_overflow_open, uniq_crazy_yiuf_cottage
D:8:      layout_basic, lemuel_tele_altar, kennysheep_mini_moat, serial_shops,
          nicolae_shop_hallway_stairs, kennysheep_doodads,
          minmay_misc_feat_hallway, chequers_avenue
D:9:      cheibrodos_iron_armory, layout_gridville,
          mainiacjoe_overflow_six_doors_small, pdpol_wu_jian_five_deadly_venoms,
          due_lair_maze_entry_diamond, hex_large, grunt_tough_drop
D:10:     layout_rooms, old_standard_altar
D:11:     layout_loops_cross
D:12:     layout_long_grid, erik_orc_4, kennysheep_windowed_goal
D:13:     layout_rooms, minmay_st_funbox

Skill      XL: |  1  2  3  4  5  6  7  8  9 10 11 |
---------------+----------------------------------+-----
Stealth        | 2 3 |  3.0
Dodging        | 2 3 |  3.1
Conjurations   | 5 6 7 8 |  8.0
Spellcasting   | 3 4 5 |  5.2
Fighting       | 1 2 |  2.5
Staves         | 1 2 4 6 10 12 | 12.0
Shields        | 1 3 4 |  4.0
Evocations     | 1 2 3 |  3.1
Fire Magic     | 1 |  1.0
Earth Magic    | 2 4 8 9 |  9.1
Translocations | 1 2 |  2.5
Transmutations | 1 |  1.0
Throwing       | 6 |  6.0
Necromancy     | |  0.8

Action                   |  1- 3 |  4- 6 |  7- 9 | 10-12 || total
-------------------------+-------+-------+-------+-------++-------
Melee: Unarmed           |    16 |       |       |       ||    16
       Tailslap          |     3 |     9 |    36 |    67 ||   115
       Short sword       |       |     5 |       |       ||     5
       Staff             |       |    50 |   212 |   378 ||   640
Throw: Dart              |       |       |       |    34 ||    34
 Cast: Magic Dart        |    82 |    26 |    39 |    48 ||   195
       Searing Ray       |     2 |    40 |    67 |    57 ||   166
       Iskenderun's Myst |       |       |    28 |    98 ||   126
       Passwall          |       |       |     1 |     3 ||     4
       Stone Arrow       |       |       |       |     9 ||     9
Evoke: Wand              |       |       |       |    12 ||    12
  Use: Scroll            |       |     6 |     5 |    11 ||    22
       Potion            |       |     1 |     3 |    12 ||    16
 Stab: Sleeping          |       |     2 |     2 |       ||     4
       Paralysed         |       |       |       |    27 ||    27
Armor: Skin              |    15 |    27 |   181 |   349 ||   572
Dodge: Dodged            |    23 |    59 |   183 |   388 ||   653
Block: Buckler           |       |     7 |    63 |   115 ||   185
